Map: Triton LE

Players

Hellraiser - Winner!

  • Race: Protoss Protoss
  • Spawn Location: 11:00

Mode

  • Race: Zerg Zerg
  • Spawn Location: 5:00

VOD

Have the link to the VOD?

Description

Time

  • Played on: Sept. 6, 2019, 12:29 p.m.
  • Length: 6:08
Show
View Real Time Build Order
Export as new Build Order

Hellraiser Protoss - Winner!

Build Orders: 1 Gate Expand, Oracle Opening 

Get SALT Encoding   

  12  0:01  Probe  
  13  0:13  Probe  
  14  0:20  Pylon  
  14  0:25  Probe  
  15  0:34  Probe  
  15  0:38  Gateway  
  15  0:42  Probe  
  16  0:48  Assimilator  
  17  0:53  Probe  
  18  1:05  Probe  
  19  1:21  Nexus  
  19  1:24  Probe  
  20  1:36  Cybernetics Core  
  20  1:38  Probe  
  21  1:42  Assimilator  
  21  1:50  Probe  
  21  1:52  Pylon  
  22  2:02  Probe, Adept  
  23  2:14  Probe  
  26  2:19  Stargate  
  26  2:22  Adept  
  26  2:26  Probe  
  26  2:28  Warp Gate  
  27  2:31  Probe  
  30  2:38  Probe  
  30  2:40  Probe  
  32  2:49  Probe  
  32  2:51  Probe  
  33  2:52  Stalker  
  36  2:59  Oracle  
  36  3:01  Probe  
  36  3:03  Probe  
  41  3:14  Probe  
  41  3:15  Probe  
  41  3:17  Pylon  
  43  3:26  Probe  
  44  3:27  Oracle, Probe  
  45  3:38  Probe  
  45  3:39  Gateway, Probe  
  50  3:43  Assimilator  
  50  3:44  Assimilator  
  50  3:50  Probe  
  50  3:52  Probe  
  50  3:54  Shield Battery  
  48  3:56  Robotics Facility  
  48  4:01  Pylon  
  48  4:02  Probe  
  49  4:05  Probe  
  50  4:14  Probe  
  51  4:17  Probe  
  51  4:20  Gateway x2  
  51  4:22  Sentry  
  54  4:26  Gateway  
  54  4:28  Gateway  
  54  4:33  Warp Prism  
  54  4:34  Sentry  
  54  4:36  Gateway  
  58  4:48  Sentry  
  60  4:58  Pylon, Sentry  
  60  4:59  Pylon  
  62  5:02  Pylon  
  62  5:18  Pylon, Stalker x3  
  62  5:20  Stalker  
  62  5:21  Stalker  
  72  5:24  Sentry  
  72  5:27  Pylon  
  74  5:46  Stalker x4  
  74  5:47  Stalker  
  74  5:48  Sentry  
  86  5:50  Stalker  
Show
View Real Time Build Order
Export as new Build Order

Mode Zerg 

Build Orders: Hatch First 

Get SALT Encoding   

  12  0:02  Drone  
  13  0:12  Overlord  
  13  0:29  Drone  
  13  0:32  Drone  
  15  0:36  Drone  
  15  0:41  Drone  
  17  1:04  Hatchery  
  17  1:09  Drone  
  17  1:13  Extractor, Drone  
  17  1:25  Spawning Pool  
  16  1:33  Drone  
  16  1:34  Drone  
  18  1:40  Drone  
  19  1:49  Overlord  
  19  2:11  Queen  
  21  2:19  Zergling x4  
  21  2:21  Zergling x2  
  21  2:22  Queen  
  24  2:24  Metabolic Boost  
  24  2:25  Drone  
  24  2:29  Drone  
  28  2:33  Drone  
  29  2:38  Drone  
  30  2:44  Drone  
  30  2:48  Drone  
  32  2:52  Overlord  
  32  3:04  Drone x2  
  34  3:11  Extractor  
  33  3:14  Drone x2  
  34  3:20  Zergling x4  
  34  3:21  Zergling x4  
  37  3:27  Zergling x2  
  37  3:32  Zergling x6  
  39  3:35  Zergling x2  
  39  3:45  Zergling x4  
  36  3:52  Drone  
  35  4:01  Lair  
  35  4:05  Spore Crawler  
  35  4:09  Spore Crawler  
  29  4:11  Hatchery  
  26  4:25  Drone x4  
  30  4:33  Drone  
  31  4:41  Drone  
  31  4:45  Drone  
  33  4:48  Drone  
  34  4:53  Drone  
  34  4:55  Drone  
  36  5:00  Drone  
  36  5:07  Drone x2  
  36  5:22  Spire  
  36  5:24  Drone  
  36  5:34  Drone  
  36  5:35  Drone x2  
  39  5:36  Drone  
  39  5:41  Drone  
  39  5:42  Drone  
  42  5:46  Drone  
  42  5:47  Drone  
  44  5:52  Spore Crawler  
  44  5:54  Drone  
Tags
 
Add a new tag
Caveats
  • Supply blocks, unpowered buildings, or Contaminate may cause inaccurate times.
  • Supply counts are checked every 10 seconds.